 Dungeon Crawl Stone Soup version 0.30-a0-377-g5cb311bc9f (webtiles) character file.

Game seed: 14681930088108966163

371 themarg the Conjurer (level 6, -1/45 HPs)
             Began as a Draconian Conjurer on Dec 1, 2022.
             Slain by a lemure (2 damage)
             ... led by Pikel
             ... on level 4 of the Dungeon.
             The game lasted 00:07:20 (3711 turns).

themarg the Conjurer (Draconian Conjurer)           Turns: 3711, Time: 00:07:21

Health: -1/45      AC:  7    Str:  9    XL:     6   Next: 42%
Magic:  0/12       EV: 12    Int: 20    God:
Gold:   133        SH:  0    Dex: 10    Spells: 10/13 levels left

rFire   . . .      SeeInvis .    c - +0 short sword
rCold   . . .      Faith    .    (no shield)
rNeg    . . .      Spirit   .    (body armour unavailable)
rPois   .          Reflect  .    (helmet restricted)
rElec   .          Harm     .    (no cloak)
rCorr   .          Rampage  .    f - +0 pair of gloves
Will    .....                    (no boots)
Stlth   ++........               (no amulet)
HPRegen 0.27/turn                (no ring)
MPRegen 0.13/turn                (no ring)

@: no status effects
A: AC +6, unfitting armour, cold-blooded
a: no special abilities


You were on level 4 of the Dungeon.
You visited 1 branch of the dungeon, and saw 4 of its levels.

You collected 133 gold pieces.

Inventory:

Hand Weapons
 c - a +0 short sword (weapon)
 k - a +0 falchion of flaming
Missiles
 g - 12 stones
 o - a throwing net
 q - 3 poisoned darts
Armour
 f - a +0 pair of gloves (worn)
Jewellery
 b - an amulet of regeneration
Wands
 n - a wand of paralysis (6)
Scrolls
 d - a scroll of amnesia {unknown}
 e - 2 scrolls of poison {unknown}
 h - a scroll of teleportation {unknown}
 i - a scroll of enchant weapon {unknown}
 l - a scroll of identify {unknown}
 p - 3 scrolls of immolation {unknown}
Potions
 a - a potion of lignification {unknown}
 j - 2 potions of degeneration {unknown}
 m - a potion of mutation {unknown}
 r - a potion of curing
 s - a potion of might {unknown}


   Skills:
 - Level 1.7 Dodging
 - Level 3.0 Stealth
 + Level 4.3 Spellcasting
 + Level 5.9 Conjurations


You had 10 spell levels left.
You knew the following spells:

 Your Spells              Type           Power      Damage    Failure   Level
a - Magic Dart            Conj           100%       1d8       1%          1
b - Searing Ray           Conj           56%        2d6       1%          2

Your spell library contained the following spells:

 Spells                   Type           Power      Damage    Failure   Level
 Dazzling Flash           Conj/Hex       32%        N/A       11%         3
 Fulminant Prism          Conj/Hex       8%         3d6       36%         4
 Iskenderun's Mystic Bla  Conj/Tloc      16%        2d5       36%         4


Dungeon Overview and Level Annotations

Branches:
Dungeon (4/15)
 Temple: D:4-7

Altars:

Annotations:
D:4 Pikel


Innate Abilities, Weirdness & Mutations

Your plain brown scales are hard. (AC +6)
You cannot fit into any form of body armour.
You are cold-blooded and may be slowed by cold attacks.


Message History

The lemure hits you but does no damage.
Without enough magic to sustain it, your searing ray dissipates.
The lemure closely misses you.
You closely miss the lemure.
Your tail-slap misses the lemure.
The lemure is almost dead.
The lemure hits you.
* * * LOW HITPOINT WARNING * * *
You closely miss the lemure.
Your tail-slap misses the lemure.
The lemure is almost dead.
The lemure hits you.
* * * LOW HITPOINT WARNING * * *
You barely miss the lemure.
The lemure is almost dead.
The lemure hits you.
* * * LOW HITPOINT WARNING * * *
You hit the lemure.
The lemure is almost dead.
The lemure completely misses you. The lemure hits you but does no damage.
Casting: Searing Ray (safe; 1% risk of failure)
Confirm with . or Enter, or press ? or * to list all spells.
You don't have enough magic to cast this spell.
Casting: Searing Ray (safe; 1% risk of failure)
Confirm with . or Enter, or press ? or * to list all spells.
Aiming: Magic Dart (safe; 1% risk of failure)
Press: ? - help, Shift-Dir - straight line, f/p - lemure
Aim: a lemure (almost dead, 100% to hit)
The magic dart hits the lemure.
You kill the lemure!
That felt strangely unrewarding.
The lemure hits you.
* * * LOW HITPOINT WARNING * * *
You hit the lemure.
The lemure is lightly wounded.
The lemure hits you but does no damage. The lemure barely misses you.
You hit the lemure. Your punch misses the lemure.
The lemure is moderately wounded.
A lemure comes into view.
The lemure hits you.
* * * LOW HITPOINT WARNING * * *
The lemure hits you.
You die...

~P~~#. ~P~~~P~~~ .~. ..
~~♣P~.... .K ... ##........ .
.5.. ......5 .~P~♣ .....~
##...♣ #.55##♣ .
######.@.##.♣♣♣ ♣.
~~~~~~...##...♣♣♣ .#
~PP~~P..........# #.##
~PP~P...####....##...# #
P~P~~~...# #.#.....# .#
≈≈≈≈≈~~~PPP..# #......###...
≈≈≈≈≈~PP~P...# #............
≈≈≈≈≈~~~~....# #...#...#$...
~≈≈≈≈P~~~~~..####.###...###..


You could see 3 lemures.

Vanquished Creatures
  Sigmund (D:4)
  A lemure (D:4)
  A jelly (D:3)
  A hound (D:3)
  7 adders
  2 orcs (D:3)
  4 ball pythons
  6 endoplasms
  2 giant cockroaches
  12 goblins
  9 hobgoblins
  8 kobolds
  7 quokkas
  5 bats
  4 frilled lizards
  A rat (D:1)
71 creatures vanquished.

Vanquished Creatures (others)
  5 plants (D:4)
5 creatures vanquished.

Grand Total: 76 creatures vanquished

Notes
Turn   | Place    | Note
-------+----------+-------------------------------------------
     0 | D:1      | themarg the Draconian Conjurer began the quest for the Orb.
     0 | D:1      | Reached XP level 1. HP: 14/14 MP: 3/3
   169 | D:1      | Reached XP level 2. HP: 20/20 MP: 0/5
   172 | D:1      | Learned a level 2 spell: Searing Ray
  1212 | D:1      | HP: 1/20 [poisoned by an adder]
  1213 | D:1      | Reached XP level 3. HP: 1/26 MP: 2/6
  1640 | D:2      | Reached XP level 4. HP: 33/33 MP: 2/8
  2793 | D:3      | Reached skill level 5 in Conjurations
  2793 | D:3      | Reached XP level 5. HP: 38/38 MP: 3/10
  3032 | D:3      | Found a faded altar of an unknown god.
  3514 | D:4      | Noticed Pikel
  3514 | D:4      | Noticed a lemure
  3635 | D:4      | Noticed Sigmund
  3643 | D:4      | Killed Sigmund
  3644 | D:4      | Reached XP level 6. HP: 5/45 MP: 1/12
  3711 | D:4      | HP: 1/45 [lemure[Pikel] (3)]
  3711 | D:4      | Slain by a lemure

Illustrated notes

Levels and vault maps discovered:
D:1:      beargit_arrival_greenhouse, layout_basic
D:2:      layout_rooms, serial_aquarium, aquarium_bridge_square
          [aquarium_subvault_wall, aquarium_subvault_window,
          aquarium_subvault_balcony, aquarium_subvault_bridge],
          aquarium_window_fake, aquarium_window_corridor_3, aquarium_window_1,
          aquarium_view_2g, aquarium_balcony_3a, aquarium_pool_double,
          minmay_goblin_outpost
D:3:      layout_loops_ring, chequers_ecumenical_altar_island
D:4:      layout_cave_pools, mainiacjoe_overflow_catch_the_wave, serial_bayou,
          serial_bayou_pond_e, serial_bayou_pond_e, serial_bayou_shore_a,
          serial_bayou_pond_c, serial_bayou_ford_a, portal_sewer_entry_a,
          hangedman_feature_mirror, amethyst_killhole, nicolae_zen_rock_garden,
          uniq_natasha, uniq_pikel, uniq_sigmund, uniq_grinder, uniq_ijyb,
          uniq_menkaure

Skill      XL: |  1  2  3  4  5 |
---------------+----------------+-----
Stealth        | 2 3 |  3.0
Spellcasting   | 3 4 |  4.3
Conjurations   | 5 |  5.9
Dodging        | |  1.7

Action                   |  1- 3 |  4- 6 || total
-------------------------+-------+-------++-------
Melee: Short sword       |     8 |     6 ||    14
 Cast: Magic Dart        |    48 |    15 ||    63
       Searing Ray       |    11 |    26 ||    37
  Use: Potion            |     2 |       ||     2
Armor: Skin              |     6 |     7 ||    13
Dodge: Dodged            |    27 |    14 ||    41

Table legend: (Time is in decaauts)
 A = Elapsed time spent in this place.
 B = Non-inter-level travel time spent in this place.
 C = Inter-level travel time spent in this place.
 D = Time resting spent in this place.
 E = Time spent auto-exploring this place.
 F = Levels seen in this place.
 G = Mean time per level.
                   A        B        C        D        E       F      G
               +--------+--------+--------+--------+--------+-----+--------+
         Total |   3724 |   3566 |    158 |    375 |   2763 |   4 |  931.0 |
       Dungeon |   3724 |   3566 |    158 |    375 |   2763 |   4 |  931.0 |
               +--------+--------+--------+--------+--------+-----+--------+

Top non-repeatable levels by time:
     D:2: 1302 daAuts
     D:1: 1264 daAuts
     D:3: 1020 daAuts
     D:4: 137 daAuts
